 Dungeon Crawl Stone Soup version 0.26-a0-835-g8259106e14 (webtiles) character file.

Game seed: 1754011449322587561

28 pablito the Conjurer (level 3, 19/19 HPs)
             Began as a Deep Elf Conjurer on Nov 17, 2020.
             Quit the game on level 1 of the Dungeon.
             The game lasted 00:05:26 (746 turns).

pablito the Conjurer (Deep Elf Conjurer)             Turns: 746, Time: 00:05:27

Health: 19/19      AC:  4    Str:  4    XL:     3   Next: 0%
Magic:  9/9        EV: 13    Int: 23    God:
Gold:   5          SH:  0    Dex: 13    Spells: 5/8 levels left

rFire    . . .     SeeInvis .   (no weapon)
rCold    . . .     Faith    .   (no shield)
rNeg     . . .     Spirit   .   a - +0 robe
rPois    .         Reflect  .   h - +0 helmet
rElec    .         Harm     .   (no cloak)
rCorr    .         Rampage  .   (no gloves)
MR       .....                  g - +0 pair of boots
Stlth    ++........             (no amulet)
HPRegen  0.06/turn              (no ring)
MPRegen  0.11/turn              (no ring)

@: no status effects
A: no striking features
a: no special abilities


You were on level 1 of the Dungeon.
You visited 1 branch of the dungeon, and saw 1 of its levels.

You collected 5 gold pieces.

Inventory:

Armour
 a - a +0 robe (worn)
 g - a +0 pair of boots (worn)
 h - a +0 helmet (worn)
Scrolls
 b - a scroll of magic mapping {unknown}
 c - a scroll of enchant weapon {unknown}
 d - a scroll of immolation {unknown}
 f - a scroll of fog {unknown}
Potions
 e - a potion of flight {unknown}
 i - a potion of attraction {unknown}


   Skills:
 - Level 2.4 Dodging
 - Level 2.4 Stealth
 - Level 3.0 Spellcasting
 + Level 5.5 Conjurations


You had 5 spell levels left.
You knew the following spells:

 Your Spells              Type           Power        Failure   Level
a - Magic Dart            Conj           ####         1%          1
b - Searing Ray           Conj           ####..       1%          2

Your spell library contained the following spells:

 Spells                   Type           Power        Failure   Level
 Dazzling Flash           Conj/Hex       ###...       11%         3
 Fulminant Prism          Conj/Hex       ###.......   36%         4
 Iskenderun's Mystic Bla  Conj/Tloc      ###.....     36%         4


Dungeon Overview and Level Annotations

Branches:
Dungeon (1/15)

Altars:


Message History

Confirm with . or Enter, or press ? or * to list all spells.
Aiming: Searing Ray (safe; 1% risk of failure)
Press: ? - help, Shift-Dir - straight line, f - jackal
Aim: a jackal
Okay, then.
Casting: Searing Ray (safe; 1% risk of failure)
Confirm with . or Enter, or press ? or * to list all spells.
That is beyond the maximum range.
Press: ? - help, Shift-Dir - straight line The searing ray hits the jackal!
You kill the jackal! (Press . to maintain the ray.)
The searing ray hits the jackal!
You kill the jackal!
You have reached level 3!
Your experience leads to an increase in your attributes!
Increase (S)trength, (I)ntelligence, or (D)exterity?
You feel clever.
i - a grey potion Are you sure you want to abandon this character and quit the game? (Confirm with "yes".)

.##.)#.# #........#.... .#...#..
..# ##....†..#.... ##..#####
#.######..##.####... #......#
#.#.....(.....).#... ##.####.#
#.#.#####.##.##.#...
...##.#.######.#.# #.##.##.###.
......#....†...#.#####.##.#....#.
#####.#####....#.....#.##.#....#.
......# #.#...@....#.##.#....#.
####..### #.##########.##.#....#.
........# #.. .........(.)....#.
############# ####....##..#.###.
#.†.....# ##### #....##..# # ##
#...(...####...###....##.†#
##.)#'#.###...>...#....##..#
.#..#.#..##.......#....##..#
.####.#####..#'#..#....##..#


There were no monsters in sight!

Vanquished Creatures
  3 dart slugs (D:1)
  A ball python (D:1)
  4 goblins (D:1)
  2 hobgoblins (D:1)
  2 jackals (D:1)
  3 kobolds (D:1)
  2 bats (D:1)
  2 frilled lizards (D:1)
  2 rats (D:1)
21 creatures vanquished.

Notes
Turn   | Place    | Note
-------+----------+-------------------------------------------
     0 | D:1      | pablito the Deep Elf Conjurer began the quest for the Orb.
     0 | D:1      | Reached XP level 1. HP: 10/10 MP: 6/6
   184 | D:1      | Reached XP level 2. HP: 15/15 MP: 4/8
   185 | D:1      | Reached skill level 5 in Conjurations
   188 | D:1      | Learned a level 2 spell: Searing Ray
   705 | D:1      | Reached XP level 3. HP: 19/19 MP: 5/9
   746 | D:1      | Quit the game

Illustrated notes

Levels and vault maps discovered:
D:1:      dpeg_arrival_renting, layout_basic

Skill      XL: |  1  2 |
---------------+-------+-----
Conjurations   | 5 |  5.5
Dodging        | |  2.4
Stealth        | |  2.4
Spellcasting   | |  3.0

Action                   || total
-------------------------++-------
Melee: Unarmed           ||     2
 Cast: Magic Dart        ||    18
       Searing Ray       ||     9
Armor: Robe              ||     5
Dodge: Dodged            ||     5

Table legend: (Time is in decaauts)
 A = Elapsed time spent in this place.
 B = Non-inter-level travel time spent in this place.
 C = Inter-level travel time spent in this place.
 D = Time resting spent in this place.
 E = Time spent auto-exploring this place.
 F = Levels seen in this place.
 G = Mean time per level.
                   A        B        C        D        E       F      G
               +--------+--------+--------+--------+--------+-----+--------+
         Total |    746 |    746 |      0 |     52 |    562 |   1 |  746.0 |
       Dungeon |    746 |    746 |      0 |     52 |    562 |   1 |  746.0 |
               +--------+--------+--------+--------+--------+-----+--------+

Top non-repeatable levels by time:
     D:1: 746 daAuts
